[Event "GER-ch Youth-U10 2022"]
[Site "Willingen"]
[Date "2022.06.05"]
[Round "1.1"]
[White "Nezhyvenko, Mykhaylo"]
[Black "Fischermann, Simon"]
[Result "1-0"]
[ECO "C50"]
[WhiteElo "1488"]
[BlackElo "1344"]
[Annotator "NA RC COMBH"]
[PlyCount "97"]
[EventDate "2022.06.05"]
[EventType "swiss"]
[EventRounds "11"]
[EventCountry "GER"]
[SourceTitle "playchess.com"]
[Source "ChessBase"]
[SourceQuality "1"]
[TimeControl "40/4500+30:900+30"]

1. e4 e5 2. Nf3 Nc6 3. Bc4 d6 4. c3 Bg4 5. Be2 Bxf3 6. Bxf3 Nf6 7. O-O Be7 8. d4 O-O 9. d5 Nb8 10. Re1 c6 11. c4 b5 12. dxc6 bxc4 13. Qa4 Qb6 14. Qxc4 Qxc6 15. Qxc6 Nxc6 16. Nc3 Nd4 17. Rd1 Nxf3+ 18. gxf3 h6 19. Be3 a6 20. Rac1 Rfc8 21. Rc2 Rc6 22. Rcd2 Rac8 23. Kf1 Kh7 24. Ke2 Rc4 25. a3 g5 26. Rg1 R8c6 27. Rd3 Bd8 28. Kd2 Ba5 29. b4 Bc7 30. h3 Nd7 31. Kc2 Bb6 32. Bxb6 Nxb6 33. Kb3 Nc8 34. Rgd1 Kg6 35. a4 Kh5 36. b5 axb5 37. axb5 Rc7 38. Nd5 R7c5 39. b6 Rd4 40. Rxd4 exd4 41. Rxd4 Nxb6 42. Nxb6 Rb5+ 43. Rb4 Rxb4+ 44. Kxb4 Kh4 45. Nc8 Kxh3 46. Nxd6 Kg2 47. Nxf7 Kxf3 48. e5 Kxf2 49. Nxh6 1-0

[Event "GER-ch Youth-U10 2022"]
[Site "Willingen"]
[Date "2022.06.05"]
[Round "1.2"]
[White "Hagn, Tobias"]
[Black "Kateryniuk, Ivan"]
[Result "0-1"]
[ECO "C42"]
[WhiteElo "1337"]
[BlackElo "1187"]
[Annotator "NA RC COMBH"]
[PlyCount "150"]
[EventDate "2022.06.05"]
[EventType "swiss"]
[EventRounds "11"]
[EventCountry "GER"]
[SourceTitle "playchess.com"]
[Source "ChessBase"]
[SourceQuality "1"]
[TimeControl "40/4500+30:900+30"]

1. e4 e5 2. Nf3 Nf6 3. Nxe5 d6 4. Nf3 Nxe4 5. Nc3 Nxc3 6. dxc3 Be7 7. Bd3 Nd7 8. O-O Nc5 9. Be2 Bd7 10. Re1 O-O 11. Be3 Ne4 12. Bd3 Nf6 13. Nd4 d5 14. Nf5 Ne4 15. Nxe7+ Qxe7 16. f3 Nf6 17. Bxa7 Qd6 18. Bd4 Nh5 19. Be5 Qb6+ 20. Kh1 Rfe8 21. b3 Qh6 22. Kg1 Qg5 23. Bxc7 Rac8 24. Rxe8+ Rxe8 25. Qf1 Rc8 26. Bb6 Bh3 27. Qf2 Re8 28. Bf1 Nf4 29. Qg3 Qh6 30. gxh3 Qxb6+ 31. Kh1 Qe3 32. Rd1 Re6 33. Bd3 h5 34. Rg1 g6 35. Bf1 h4 36. Qg4 f5 37. Qg5 Qxf3+ 38. Bg2 Qe3 39. Qd8+ Re8 40. Bxd5+ Kg7 41. Qc7+ Re7 42. Qc4 Nxh3 43. Qd4+ Qxd4 44. cxd4 Nxg1 45. Kxg1 Re2 46. Bxb7 Rxc2 47. a4 Rb2 48. a5 Rxb3 49. a6 Ra3 50. Kf2 Kf6 51. Ke2 f4 52. h3 Ke6 53. Kd2 Kd6 54. Ke2 Kc7 55. Be4 g5 56. a7 Rxa7 57. Kf3 Ra3+ 58. Kg4 Rg3+ 59. Kf5 f3 60. Bd3 f2 61. Be2 Rxh3 62. Kxg5 Rh1 63. Kg4 f1=Q 64. Bxf1 Rxf1 65. Kxh4 Rg1 66. d5 Kd6 67. Kh3 Kxd5 68. Kh2 Rg8 69. Kh3 Ke4 70. Kh4 Kf4 71. Kh3 Rg4 72. Kh2 Rg3 73. Kh1 Kf3 74. Kh2 Kf2 75. Kh1 Rh3# 0-1

[Event "GER-ch Youth-U10 2022"]
[Site "Willingen"]
[Date "2022.06.05"]
[Round "1.3"]
[White "Shen, Tingrui"]
[Black "Hellriegel, Hannes"]
[Result "1-0"]
[ECO "D37"]
[WhiteElo "1621"]
[BlackElo "1335"]
[Annotator "NA RC COMBH"]
[PlyCount "61"]
[EventDate "2022.06.05"]
[EventType "swiss"]
[EventRounds "11"]
[EventCountry "GER"]
[SourceTitle "playchess.com"]
[Source "ChessBase"]
[SourceQuality "1"]
[TimeControl "40/4500+30:900+30"]

1. d4 d5 2. c4 e6 3. Nc3 Nf6 4. Nf3 Bd6 5. Bg5 h6 6. Bxf6 Qxf6 7. cxd5 exd5 8. Nxd5 Qe6 9. Nc3 Bb4 10. e3 c6 11. Bd3 Nd7 12. O-O Nf6 13. e4 O-O 14. d5 Qd7 15. dxc6 bxc6 16. Qc2 Rd8 17. Rfd1 Kf8 18. Bc4 Qc7 19. e5 Rxd1+ 20. Rxd1 Ng8 21. Ne4 Bb7 22. Nd6 Bxd6 23. exd6 Qd8 24. Ne5 Qg5 25. Nxf7 Qg4 26. h3 Qd7 27. Ne5 Qd8 28. Qf5+ Nf6 29. Ng6+ Ke8 30. Qe6+ Qe7 31. Qxe7# 1-0

[Event "GER-ch Youth-U10 2022"]
[Site "Willingen"]
[Date "2022.06.05"]
[Round "1.4"]
[White "Wagener, Nicolas"]
[Black "Zhang, Yibo"]
[Result "0-1"]
[ECO "C54"]
[WhiteElo "1315"]
[BlackElo "1436"]
[Annotator "NA RC COMBH"]
[PlyCount "58"]
[EventDate "2022.06.05"]
[EventType "swiss"]
[EventRounds "11"]
[EventCountry "GER"]
[SourceTitle "playchess.com"]
[Source "ChessBase"]
[SourceQuality "1"]
[TimeControl "40/4500+30:900+30"]

1. e4 e5 2. Nf3 Nc6 3. Bc4 Bc5 4. c3 Nf6 5. d4 exd4 6. e5 d5 7. Bb5 Ne4 8. cxd4 Bb6 9. O-O O-O 10. Bxc6 bxc6 11. Qc2 Ba6 12. Re1 c5 13. Be3 cxd4 14. Nxd4 c5 15. Nb3 f6 16. f3 fxe5 17. fxe4 d4 18. Rd1 Qf6 19. Bf2 c4 20. Nc1 d3 21. Qd2 Bxf2+ 22. Kh1 Bd4 23. h3 Bb7 24. Re1 Bf2 25. Rf1 Bxe4 26. Nc3 Bxg2+ 27. Kxg2 Qf3+ 28. Kh2 Qg3+ 29. Kh1 Qxh3# 0-1

[Event "GER-ch Youth-U10 2022"]
[Site "Willingen"]
[Date "2022.06.05"]
[Round "1.5"]
[White "Peglau, Paul David"]
[Black "Lanert, Theodor"]
[Result "1/2-1/2"]
[ECO "E85"]
[WhiteElo "1623"]
[BlackElo "1306"]
[Annotator "NA RC COMBH"]
[PlyCount "152"]
[EventDate "2022.06.05"]
[EventType "swiss"]
[EventRounds "11"]
[EventCountry "GER"]
[SourceTitle "playchess.com"]
[Source "ChessBase"]
[SourceQuality "1"]
[TimeControl "40/4500+30:900+30"]

1. d4 Nf6 2. c4 g6 3. f3 Bg7 4. e4 d6 5. Nc3 O-O 6. Be3 e5 7. Nge2 Nc6 8. Rc1 Ne8 9. dxe5 Nxe5 10. Nd4 f5 11. exf5 Bxf5 12. Nxf5 Rxf5 13. Be2 Kh8 14. O-O Qe7 15. Nd5 Qd8 16. Qb3 Rf7 17. Rfd1 b6 18. Nf4 Qe7 19. Nd5 Qd8 20. f4 Nd7 21. c5 Rf8 22. cxd6 cxd6 23. Bf3 Rc8 24. Rxc8 Qxc8 25. Rc1 Nc5 26. Ne7 Qd7 27. Bxc5 dxc5 28. Nd5 Bd4+ 29. Kh1 Nf6 30. Nxf6 Bxf6 31. Rd1 Qe7 32. Qc2 Re8 33. Qd2 Rd8 34. Qxd8+ Qxd8 35. Rxd8+ Bxd8 36. Kg1 Kg7 37. Kf2 Kf6 38. Ke3 h5 39. Ke4 Ke6 40. Be2 Bf6 41. b3 Bd4 42. Ba6 Bg1 43. h3 Bd4 44. g4 hxg4 45. hxg4 Kf6 46. g5+ Ke6 47. Bc8+ Kf7 48. f5 gxf5+ 49. Kxf5 b5 50. Ba6 b4 51. g6+ Kg7 52. Bd3 Bg1 53. Ke6 Bd4 54. Kd7 Kf6 55. Kc6 Kg7 56. Kb7 Kf6 57. Ka6 Kg7 58. Bc2 Kf6 59. Kxa7 Kg7 60. Ka6 Kf6 61. Kb5 Kg7 62. Ka4 Bb2 63. Kb5 Bd4 64. Kc4 Kf6 65. Be4 Kg7 66. Kd5 Kf6 67. Kd6 Kg7 68. Ke6 Bg1 69. Kd5 Kf6 70. Kc4 Bd4 71. Kd3 Kg7 72. Kc4 Kf6 73. Kb5 Kg7 74. Ka4 Bb2 75. Kb5 Bd4 76. Ka4 Bb2 1/2-1/2

[Event "GER-ch Youth-U10 2022"]
[Site "Willingen"]
[Date "2022.06.05"]
[Round "1.6"]
[White "Rinke, Alexander"]
[Black "Vartanian, Roman"]
[Result "0-1"]
[ECO "B80"]
[WhiteElo "1292"]
[BlackElo "1511"]
[Annotator "NA RC COMBH"]
[PlyCount "94"]
[EventDate "2022.06.05"]
[EventType "swiss"]
[EventRounds "11"]
[EventCountry "GER"]
[SourceTitle "playchess.com"]
[Source "ChessBase"]
[SourceQuality "1"]
[TimeControl "40/4500+30:900+30"]

1. e4 c5 2. Nf3 d6 3. Bb5+ Bd7 4. Bxd7+ Nxd7 5. O-O Ngf6 6. Nc3 e6 7. d4 cxd4 8. Nxd4 a6 9. Bg5 Be7 10. Qf3 Ne5 11. Qe2 Ned7 12. Rad1 O-O 13. Rfe1 Qb6 14. Nb3 Rfd8 15. Qe3 Rac8 16. Qxb6 Nxb6 17. f4 e5 18. Nd2 h6 19. Bxf6 Bxf6 20. fxe5 Bxe5 21. Re3 Bd4 22. Kf2 Bxe3+ 23. Kxe3 d5 24. Ne2 dxe4 25. Kxe4 Nc4 26. Nxc4 Rxd1 27. Ne3 Re8+ 28. Kf3 Rd6 29. Ng4 h5 30. Nf2 Rf6+ 31. Kg3 Rxe2 32. Nd3 g5 33. h3 Re3+ 34. Kh2 Rxd3 35. cxd3 Rf2 36. d4 Rxb2 37. d5 Rxa2 38. d6 h4 39. d7 Rd2 40. d8=Q+ Rxd8 41. g4 Rd2+ 42. Kg1 b5 43. Kf1 b4 44. Ke1 Rc2 45. Kd1 b3 46. Ke1 b2 47. Kf1 b1=Q# 0-1

[Event "GER-ch Youth-U10 2022"]
[Site "Willingen"]
[Date "2022.06.05"]
[Round "1.7"]
[White "Li, Yunqi"]
[Black "Heitmann, Erik"]
[Result "0-1"]
[ECO "B92"]
[WhiteElo "1312"]
[BlackElo "1287"]
[Annotator "NA RC COMBH"]
[PlyCount "116"]
[EventDate "2022.06.05"]
[EventType "swiss"]
[EventRounds "11"]
[EventCountry "GER"]
[SourceTitle "playchess.com"]
[Source "ChessBase"]
[SourceQuality "1"]
[TimeControl "40/4500+30:900+30"]

1. e4 c5 2. Nf3 d6 3. d4 cxd4 4. Nxd4 Nf6 5. Nc3 a6 6. Be3 e5 7. Nb3 Be7 8. Be2 O-O 9. Qd2 Be6 10. f3 Nbd7 11. g4 b5 12. a3 Rc8 13. h4 Nc5 14. Nxc5 dxc5 15. Qxd8 Rfxd8 16. O-O Ne8 17. Rfd1 Bxh4 18. Rxd8 Bxd8 19. Rd1 Be7 20. a4 b4 21. Nd5 Bxd5 22. exd5 a5 23. Kf2 h6 24. b3 Nd6 25. Bc4 Nxc4 26. bxc4 Bg5 27. Bxg5 hxg5 28. Ke3 f6 29. Ke4 Kf7 30. Rh1 Rg8 31. Rh2 Rb8 32. Rd2 g6 33. Rd3 Rd8 34. Rd2 Rh8 35. d6 Ke6 36. Rd5 f5+ 37. gxf5+ gxf5+ 38. Ke3 Rd8 39. Rxc5 Rxd6 40. Rxa5 f4+ 41. Ke2 Rc6 42. Kd3 Kd6 43. Rd5+ Ke6 44. Rb5 Rd6+ 45. Ke2 Kf5 46. a5 g4 47. fxg4+ Kxg4 48. Rxe5 f3+ 49. Kf1 Rd1+ 50. Re1 Rd4 51. a6 Kg3 52. c5 Rh4 53. Kg1 f2+ 54. Kf1 fxe1=Q+ 55. Kxe1 Rh8 56. c6 Ra8 57. c7 Kf4 58. Kd2 Ke5 0-1

[Event "GER-ch Youth-U10 2022"]
[Site "Willingen"]
[Date "2022.06.05"]
[Round "1.9"]
[White "Junge, Mattheo Gabriel"]
[Black "Van 't Hof, Eric"]
[Result "1-0"]
[ECO "C58"]
[WhiteElo "1132"]
[BlackElo "2081"]
[Annotator "TA"]
[PlyCount "106"]
[EventDate "2022.06.05"]
[EventType "swiss"]
[EventRounds "11"]
[EventCountry "GER"]
[SourceTitle "playchess.com"]
[Source "ChessBase"]
[SourceQuality "1"]
[TimeControl "40/4500+30:900+30"]

1. e4 e5 2. Nf3 Nc6 3. Bc4 Nf6 4. Ng5 d5 5. exd5 Na5 6. Bb5+ c6 7. dxc6 bxc6 8. Qf3 {[%emt 0:03:01] Recently 8.Bd3 got a lot of attention.} Bb7 (8... Be7 $11) 9. Ba4 $16 {[%emt 0:01:22] C58: Two Knights: 4 Ng5 d5 5 exd5 Na5 sidelines.} Qd4 (9... Bd6) 10. Bb3 (10. Nc3 $16) 10... Nxb3 $14 (10... Nc4 $2 11. c3 (11. d3 Nd6 $16) 11... Qd5 12. d3 Qxf3 13. Nxf3 $18) 11. Qxb3 {[%emt 0:00:24] White is slightly better.} Qd7 12. O-O {[%emt 0:00:23][%cal Od2d4] aiming for d4!} Bd6 {[%emt 0:01:12] [#]} 13. d4 $146 (13. Nc3 $16) ({Predecessor:} 13. Nc3 O-O 14. Nge4 Nxe4 15. Nxe4 Be7 16. d3 Kh8 17. Qc3 Qd5 18. f3 f5 19. Nd2 {1-0 (72) Demchenko,S (2063)-Mahdjoubi,A (1918) Gatineau 2016}) 13... O-O $11 14. Be3 (14. dxe5 $11 {remains equal.} Bxe5 15. Nf3) 14... Rab8 (14... Ba6 15. Rd1 Qf5) (14... Ba6 $17 {Threatens to win with ...Rab8.} 15. Rd1 e4) 15. Qd3 {[%emt 0:04:57] [#]} (15. dxe5 $11 Bxe5 16. Nf3) 15... e4 $1 $17 16. Nxe4 Nxe4 17. Qxe4 c5 $1 18. Qh4 Be7 {[%emt 0:01:55] A strong pair of Bishops.} ({Much worse is} 18... Qc6 $6 19. f3 $11) (18... cxd4 $17 19. Bxd4 Be7) 19. Qh3 (19. Qg3 $11) 19... Qxh3 $15 20. gxh3 Bf6 (20... Rbd8 $1 $15 {might be stronger.}) 21. c3 $1 $11 cxd4 22. Bxd4 Bxd4 23. cxd4 Bc8 24. b3 Bxh3 {[%emt 0:00:13] [#] Strongly threatening ...Rb6.} 25. Rd1 Rfd8 {[%emt 0:00:38][%mdl 1024] Black has compensation.} 26. Na3 Rb6 27. Rd3 Bf5 28. Re3 h6 29. Rd1 Bg4 (29... Rg6+ $11 30. Kf1 Ra6) 30. f3 (30. Rd2 $1 $14) 30... Bf5 ({Better is} 30... Bh3 $11) 31. Nc4 (31. Rd2 $14 {was preferrable.}) 31... Rg6+ 32. Kh1 Be6 33. Red3 Bd5 34. Ne5 Re6 35. R1d2 Bb7 (35... h5 $11) 36. Nc4 Rg6 (36... Rf6 $14) 37. d5 $16 Rg5 38. Ne3 Kf8 39. Rd4 (39. f4 $16 Rg6 40. f5) 39... Re5 $14 40. R2d3 Rd7 (40... Rde8 $1 $11 {keeps the balance.} 41. Nc4 Rg5) 41. Kg2 $16 Ba6 42. Rc3 Bb7 43. Re4 {[%emt 0:02:56] White is more active.} (43. Kf2 $142) 43... Rxe4 {[%emt 0:00:48] Loses the game.} (43... Rg5+ $16 44. Kf2 Rh5) 44. fxe4 {[%emt 0:00:07][%mdl 4096] Endgame KRB-KRN} g6 45. Ng4 Kg7 46. Kf3 f5 47. Ne3 fxe4+ (47... Kf6 $142 48. Kf4 g5+ 49. Kf3 h5) 48. Kxe4 $18 {[%emt 0:00:16] Black must now prevent Ke5.} Kf7 49. Rd3 Re7+ 50. Kd4 h5 (50... Bc8 {is a better defense.} 51. Rc3 Bd7) 51. Nc4 Rd7 {[%emt 0:00:45] Inhibits Nd6+.} (51... Kg7 52. Ne5 Bc8) 52. Ne5+ Ke7 53. Nxd7 Ke8 {[%emt 0:00:50] Weighted Error Value: White=0.26 (precise) /Black=0.30} 1-0

[Event "GER-ch Youth-U10 2022"]
[Site "Willingen"]
[Date "2022.06.05"]
[Round "1.10"]
[White "Belin, Anton"]
[Black "Rodriguez Klasen, Ennio"]
[Result "1-0"]
[ECO "D00"]
[WhiteElo "1213"]
[BlackElo "1315"]
[Annotator "NA RC COMBH"]
[PlyCount "65"]
[EventDate "2022.06.05"]
[EventType "swiss"]
[EventRounds "11"]
[EventCountry "GER"]
[SourceTitle "playchess.com"]
[Source "ChessBase"]
[SourceQuality "1"]
[TimeControl "40/4500+30:900+30"]

1. d4 Nf6 2. Nc3 d5 3. Bf4 Bf5 4. Nf3 Nc6 5. e3 a6 6. Ne5 Ne4 7. Nxe4 Nxe5 8. Ng3 Be6 9. dxe5 h6 10. h4 c5 11. c3 b5 12. a4 c4 13. e4 g6 14. exd5 Bxd5 15. b3 cxb3 16. axb5 a5 17. b6 e6 18. Bb5+ Ke7 19. Qc1 f5 20. exf6+ Kf7 21. h5 g5 22. Be5 Bc5 23. Qb1 Qg8 24. O-O Bxb6 25. c4 Bb7 26. Rd1 Rd8 27. Rxd8 Bxd8 28. Qd3 Bc8 29. Rd1 Bb6 30. Qd7+ Bxd7 31. Rxd7+ Ke8 32. Rb7+ Kf8 33. Bd6# 1-0

[Event "GER-ch Youth-U10 2022"]
[Site "Willingen"]
[Date "2022.06.05"]
[Round "1.11"]
[White "Fadeev, Justin Michael"]
[Black "Menke, Raphael Wilhelm"]
[Result "1-0"]
[ECO "C56"]
[WhiteElo "1320"]
[BlackElo "1212"]
[Annotator "NA RC COMBH"]
[PlyCount "151"]
[EventDate "2022.06.05"]
[EventType "swiss"]
[EventRounds "11"]
[EventCountry "GER"]
[SourceTitle "playchess.com"]
[Source "ChessBase"]
[SourceQuality "1"]
[TimeControl "40/4500+30:900+30"]

1. e4 e5 2. Nf3 Nc6 3. d4 exd4 4. Bc4 Nf6 5. e5 d5 6. Bb5 Nd7 7. O-O Be7 8. Bxc6 bxc6 9. Qxd4 Bc5 10. Qa4 Bb7 11. Qg4 Qe7 12. Qxg7 O-O-O 13. Bg5 Qf8 14. Qxf8 Rdxf8 15. Nc3 Rhg8 16. Na4 Bb6 17. Bh6 Re8 18. Rfe1 Rg6 19. Bd2 Reg8 20. g3 Nc5 21. Nxc5 Bxc5 22. b4 Be7 23. a4 a6 24. Nd4 Kd7 25. f4 Rg4 26. Be3 Bxb4 27. Reb1 a5 28. Rb3 Ba6 29. Nf5 R4g6 30. Rbb1 c5 31. Rd1 Ke6 32. Nh6 Rxh6 33. f5+ Kxf5 34. Bxh6 Kxe5 35. Bf4+ Ke6 36. Bxc7 Bb7 37. Bf4 c4 38. Be3 Bc6 39. Bd4 Rg4 40. c3 Be7 41. Re1+ Kd7 42. Rf1 Ke8 43. Rab1 Bxa4 44. Rb8+ Kd7 45. Bb6 Ke6 46. Bxa5 Bc6 47. Bb6 h5 48. Bd4 h4 49. Rb6 Kd6 50. Kg2 hxg3 51. hxg3 Rg8 52. Rxf7 Bh4 53. Kh3 Bd8 54. Ra6 Rg6 55. Rh7 Bg5 56. Rha7 Bd8 57. Rxc6+ Kxc6 58. Ra6+ Kb7 59. Rxg6 Bc7 60. Rg7 Kc6 61. g4 Bf4 62. g5 Bxg5 63. Rxg5 Kd6 64. Rg6+ Ke7 65. Kg4 Kf7 66. Kf5 Ke7 67. Ke5 Kd7 68. Rh6 Kc7 69. Kxd5 Kb7 70. Kc5 Ka7 71. Kb5+ Kb7 72. Rh7+ Kc8 73. Bf6 Kb8 74. Kc6 Ka8 75. Kb6 Kb8 76. Rh8# 1-0

[Event "GER-ch Youth-U10 2022"]
[Site "Willingen"]
[Date "2022.06.05"]
[Round "1.12"]
[White "Li, Joshua"]
[Black "Bundan, Edward"]
[Result "1/2-1/2"]
[ECO "B48"]
[WhiteElo "1599"]
[BlackElo "1240"]
[Annotator "NA RC COMBH"]
[PlyCount "186"]
[EventDate "2022.06.05"]
[EventType "swiss"]
[EventRounds "11"]
[EventCountry "GER"]
[SourceTitle "playchess.com"]
[Source "ChessBase"]
[SourceQuality "1"]
[TimeControl "40/4500+30:900+30"]

1. e4 c5 2. Nf3 e6 3. d4 cxd4 4. Nxd4 Nc6 5. Be3 Qc7 6. Nc3 Nf6 7. Ncb5 Qb8 8. Nc3 Bb4 9. Nxc6 bxc6 10. Bd2 O-O 11. Bd3 d5 12. O-O Bd6 13. f4 dxe4 14. Nxe4 Nxe4 15. Bxe4 Qxb2 16. Kh1 Qb6 17. Rf3 f5 18. Bc3 Be7 19. Rg3 Bf6 20. Bxf6 Rxf6 21. Bf3 Qc7 22. Qd3 Bb7 23. Rb1 Rff8 24. Qc4 Rfe8 25. h3 Rac8 26. Qd4 Ra8 27. Rxb7 Qxb7 28. Bxc6 Qe7 29. Bxa8 Rxa8 30. c4 Rd8 31. Qb2 g6 32. Qb5 Qc7 33. Rf3 Rc8 34. Qa4 Rb8 35. Qa6 Rb6 36. Qa4 Rc6 37. Rd3 a6 38. Rd4 Qb7 39. a3 Qb6 40. Rd8+ Kf7 41. Rd7+ Kg8 42. Qc2 Qb8 43. Qd2 Qb1+ 44. Kh2 Qe4 45. Rc7 Rxc7 46. Qd8+ Kg7 47. Qxc7+ Kg8 48. c5 h6 49. c6 g5 50. fxg5 hxg5 51. Qd8+ Kh7 52. Qd6 e5 53. Qe7+ Kh6 54. Qf8+ Kh7 55. Qc5 Qf4+ 56. Kg1 e4 57. c7 e3 58. Qc2 Qd4 59. Qxf5+ Kh6 60. Kh2 Qd6+ 61. Kh1 Qxc7 62. Qe6+ Kg7 63. Qxe3 Kf6 64. Qd4+ Kg6 65. Qd3+ Kg7 66. Qxa6 Qc1+ 67. Kh2 Qf4+ 68. Kg1 Qc1+ 69. Qf1 Qxa3 70. Qd1 Qc5+ 71. Kh1 Qe3 72. Qg4 Qe1+ 73. Kh2 Qe5+ 74. Qg3 Qc5 75. h4 Qc2 76. Qxg5+ Kh7 77. Kh3 Qd3+ 78. g3 Qf1+ 79. Kg4 Qe2+ 80. Kf5 Qd3+ 81. Kf6 Qd6+ 82. Kf7 Qd7+ 83. Qe7 Qg4 84. Kf6+ Kh6 85. Qe3+ Kh7 86. Qg5 Qd4+ 87. Kf7 Qc4+ 88. Ke8 Qc8+ 89. Qd8 Qc2 90. Qe7+ Kh8 91. Kf8 Qc8+ 92. Kf7 Qg8+ 93. Kf6 Qxg3 1/2-1/2

[Event "GER-ch Youth-U10 2022"]
[Site "Willingen"]
[Date "2022.06.05"]
[Round "1.13"]
[White "Teng, David"]
[Black "Fischer, Quirin"]
[Result "1/2-1/2"]
[ECO "B38"]
[WhiteElo "1423"]
[BlackElo "1195"]
[Annotator "NA RC COMBH"]
[PlyCount "118"]
[EventDate "2022.06.05"]
[EventType "swiss"]
[EventRounds "11"]
[EventCountry "GER"]
[SourceTitle "playchess.com"]
[Source "ChessBase"]
[SourceQuality "1"]
[TimeControl "40/4500+30:900+30"]

1. e4 c5 2. Nf3 Nc6 3. d4 cxd4 4. Nxd4 g6 5. c4 Bg7 6. Be3 Nf6 7. Nc3 O-O 8. Be2 Nxd4 9. Bxd4 b6 10. O-O Bb7 11. f3 Rc8 12. Qd2 Ba6 13. b3 Qc7 14. Rac1 e5 15. Nd5 Nxd5 16. cxd5 Qb7 17. Bc3 d6 18. Bxa6 Qxa6 19. Bb4 b5 20. Qb2 Qb6+ 21. Qf2 Qxf2+ 22. Kxf2 Bh6 23. Rxc8 Rxc8 24. Bxd6 Rc2+ 25. Kg3 Bf4+ 26. Kh3 Rxa2 27. g3 Be3 28. Bxe5 Ra3 29. Rd1 Bb6 30. Rd3 a5 31. Bd6 b4 32. Kg4 h6 33. Kf4 a4 34. Bxb4 Rxb3 35. Rxb3 axb3 36. Bc3 Kf8 37. Ke5 Ba5 38. Bb2 Bc7+ 39. d6 Bd8 40. Kd5 Ke8 41. Kc4 Kd7 42. e5 f6 43. f4 Bb6 44. Kxb3 Bg1 45. Bc3 Bxh2 46. Be1 h5 47. Kc4 h4 48. Kd5 fxe5 49. fxe5 Bxg3 50. e6+ Kd8 51. Bd2 Bxd6 52. Kxd6 h3 53. Bf4 Ke8 54. e7 g5 55. Bh2 g4 56. Bg3 h2 57. Bxh2 g3 58. Bxg3 Kf7 59. e8=Q+ Kxe8 1/2-1/2

[Event "GER-ch Youth-U10 2022"]
[Site "Willingen"]
[Date "2022.06.05"]
[Round "1.14"]
[White "Classen, Marnin"]
[Black "Zimmer, Tim"]
[Result "0-1"]
[ECO "C78"]
[WhiteElo "1168"]
[BlackElo "1164"]
[Annotator "NA RC COMBH"]
[PlyCount "86"]
[EventDate "2022.06.05"]
[EventType "swiss"]
[EventRounds "11"]
[EventCountry "GER"]
[SourceTitle "playchess.com"]
[Source "ChessBase"]
[SourceQuality "1"]
[TimeControl "40/4500+30:900+30"]

1. e4 e5 2. Nf3 Nc6 3. Bb5 a6 4. Ba4 Bc5 5. O-O b5 6. Bb3 Nf6 7. Nxe5 Nxe5 8. d4 O-O 9. Re1 Bb7 10. Nc3 Bb4 11. dxe5 Bxc3 12. bxc3 Nxe4 13. Qf3 d5 14. exd6 Qxd6 15. Rxe4 Bxe4 16. Qe2 Rfe8 17. Be3 Rad8 18. h3 Qg6 19. f3 Bf5 20. Qf2 Bxh3 21. Bf4 Rd7 22. Bg3 Bf5 23. Re1 Red8 24. Qe2 h6 25. Bf4 c5 26. c4 Bh3 27. Kh2 Re7 28. Qf2 Rxe1 29. gxh3 Rdd1 30. Bg3 Rh1+ 31. Kg2 Rdg1+ 32. Qxg1 Rxg1+ 33. Kxg1 Qxg3+ 34. Kf1 b4 35. Ke2 Kf8 36. Kd3 Qxf3+ 37. Kd2 Ke7 38. Ba4 Kd6 39. Be8 Ke5 40. Bd7 Kd4 41. Bg4 Qe3+ 42. Kd1 Kc3 43. Be2 Qd2# 0-1

[Event "GER-ch Youth-U10 2022"]
[Site "Willingen"]
[Date "2022.06.05"]
[Round "1.15"]
[White "Rau, Eduard"]
[Black "Zhao, Yunsheng"]
[Result "1-0"]
[ECO "C77"]
[WhiteElo "1406"]
[BlackElo "1144"]
[Annotator "NA RC COMBH"]
[PlyCount "61"]
[EventDate "2022.06.05"]
[EventType "swiss"]
[EventRounds "11"]
[EventCountry "GER"]
[SourceTitle "playchess.com"]
[Source "ChessBase"]
[SourceQuality "1"]
[TimeControl "40/4500+30:900+30"]

1. e4 e5 2. Nf3 Nc6 3. Bb5 a6 4. Ba4 Nf6 5. d3 b5 6. Bb3 Bc5 7. O-O O-O 8. c3 d5 9. exd5 Nxd5 10. Bg5 Qd6 11. Nbd2 h6 12. Ne4 Qg6 13. Bxd5 hxg5 14. Nxc5 Qd6 15. Bxc6 Qxc6 16. Ne4 g4 17. Nxe5 Qe6 18. d4 Re8 19. Re1 f6 20. Nxg4 Kf7 21. Ng5+ fxg5 22. Rxe6 Bxe6 23. Ne5+ Kg8 24. Qh5 Rad8 25. Qxg5 Bf7 26. f4 Rd6 27. f5 Rf6 28. g4 Bd5 29. b3 c5 30. Qf4 cxd4 31. Rd1 1-0

[Event "GER-ch Youth-U10 2022"]
[Site "Willingen"]
[Date "2022.06.05"]
[Round "1.17"]
[White "Chua, Daniel James"]
[Black "Leonhardt, Max"]
[Result "1-0"]
[ECO "C30"]
[WhiteElo "1314"]
[BlackElo "1114"]
[Annotator "NA RC COMBH"]
[PlyCount "61"]
[EventDate "2022.06.05"]
[EventType "swiss"]
[EventRounds "11"]
[EventCountry "GER"]
[SourceTitle "playchess.com"]
[Source "ChessBase"]
[SourceQuality "1"]
[TimeControl "40/4500+30:900+30"]

1. e4 e5 2. f4 d6 3. Nf3 Nc6 4. Bb5 f6 5. fxe5 fxe5 6. O-O Bg4 7. h3 Bh5 8. Nc3 Nge7 9. Bc4 Nd4 10. Nxe5 dxe5 11. Qxh5+ g6 12. Qxe5 Qd6 13. Qxh8 Qc5 14. Kh1 Nef5 15. exf5 Nxf5 16. Re1+ Kd8 17. Qe5 Qxe5 18. Rxe5 Bd6 19. Re1 Ng3+ 20. Kg1 Bc5+ 21. d4 Bxd4+ 22. Be3 Bxc3 23. Rad1+ Ke7 24. bxc3 Kf6 25. Bd4+ Kg5 26. Rd3 Nf5 27. g4 Nxd4 28. Rxd4 c5 29. Rd5+ Kh6 30. g5+ Kh5 31. Re4 1-0

[Event "GER-ch Youth-U10 2022"]
[Site "Willingen"]
[Date "2022.06.05"]
[Round "1.18"]
[White "Antonius, Richard-Malte"]
[Black "Campora, Daniel H."]
[Result "0-1"]
[ECO "D02"]
[WhiteElo "1106"]
[BlackElo "2397"]
[Annotator "TA"]
[PlyCount "62"]
[EventDate "2022.06.05"]
[EventType "swiss"]
[EventRounds "11"]
[EventCountry "GER"]
[SourceTitle "playchess.com"]
[Source "ChessBase"]
[SourceQuality "1"]
[TimeControl "40/4500+30:900+30"]

1. d4 d5 2. c3 c5 3. Nf3 Nc6 4. Qb3 Nf6 5. Bf4 c4 6. Qc2 {[%emt 0:00:08] [#] D02: 1 d4 d5 2 Nf3 sidelines, including 2...Nf6 3 g3 and 2...Nf6 3 Bf4.} Bg4 $146 ({Predecessor:} 6... g6 7. Nbd2 Bg7 8. e4 Nxe4 9. Nxe4 Bf5 10. Nfd2 dxe4 11. Be3 e5 12. d5 Qxd5 13. Bxc4 {½-½ (49) Nathan,N (1864)-Dereshki,D (2067) Chess.com INT 2022}) 7. Nbd2 Bh5 8. e3 {[%emt 0:00:17] The position is equal.} e6 9. Be2 Be7 10. a3 O-O 11. O-O Bg6 12. Qc1 Bd6 13. Bxd6 Qxd6 14. h3 b5 15. Re1 a5 16. Nh4 Rfb8 17. Nxg6 hxg6 18. Nf3 (18. a4 $11) 18... b4 $15 19. axb4 axb4 20. Qc2 b3 21. Qd2 Ne4 $1 {[%emt 0:00:51] Against Ng5} 22. Qc1 Qd8 23. Qb1 ({White should try} 23. Rb1 $15) 23... Rxa1 24. Qxa1 Ra8 25. Qb1 Ra2 {[%emt 0:01:44] Black is much more active.} (25... Ra4 $17) 26. Bxc4 $1 $11 Nxc3 $1 27. bxc3 {[%emt 0:02:09][%mdl 8192] [#]} (27. Qd3 $11 {and White stays safe.} Qa5 28. bxc3 dxc4 29. Qxc4) 27... dxc4 $19 28. Rd1 $2 (28. h4) 28... Qa5 {[%emt 0:00:23] Black is clearly winning.} 29. Rd2 Ra1 30. Qxa1 Qxa1+ 31. Kh2 b2 {[%emt 0:00:23] Weighted Error Value: White=0.98/Black=0.09 (flawless)} 0-1